Map: Waterfall

Players

Electrician

  • Race: Terran Terran
  • League: Master
  • Spawn Location: 7:00

VOD

Have the link to the VOD?

Description

Time

  • Played on: July 23, 2022, 5:26 p.m.
  • Length: 6:17
Show
View Real Time Build Order
Export as new Build Order

Electrician Terran 

Build Orders:  

Get SALT Encoding   

  12  0:00  SCV  
  13  0:17  SCV  
  14  0:25  Supply Depot  
  14  0:34  SCV  
  15  0:55  SCV  
  15  0:57  Barracks  
  16  1:06  Refinery  
  16  1:12  SCV  
  16  1:16  Refinery  
  17  1:29  SCV  
  18  1:46  SCV  
  19  2:08  Reaper  
  21  2:13  Orbital Command  
  20  2:23  Supply Depot  
  20  2:32  Factory  
  20  2:49  SCV  
  21  2:52  Barracks Reactor  
  21  3:07  SCV  
  22  3:29  Command Center  
  22  3:42  SCV  
  23  3:56  Hellion  
  23  3:59  SCV  
  28  4:10  Reaper x2  
  28  4:16  SCV  
  29  4:25  Supply Depot  
  29  4:32  SCV  
  30  4:55  Hellion  
  32  5:05  Barracks  
  32  5:06  Barracks  
  32  5:14  Marine  
  32  5:15  Marine  
  34  5:27  Factory Tech Lab  
  34  5:34  Orbital Command  
  34  5:36  SCV  
  35  5:59  Supply Depot  
  41  6:12  Barracks Tech Lab x2  
Tags
 
League
Master
Matchup
Co-op
Add a new tag
Caveats
  • Supply blocks, unpowered buildings, or Contaminate may cause inaccurate times.
  • Supply counts are checked every 10 seconds.